TOP OF THE 1ST |
Utica Unicorns batting - Pitching for Trenton Stars : RHP Russ Brown
|
Pitching: RHP Russ Brown
|
|
Batting: LHB Raúl Morales
|
0-0: Swinging Strike 0-1: Swinging Strike 0-2: Strikes out swinging
|
Batting: RHB Justin Geoghegan
|
0-0: Called Strike 0-1: Ball 1-1: Ball 2-1: Ball 3-1: Foul Ball, location: 2F 3-2: Base on Balls
|
Batting: LHB José Román
|
0-0: Ball 1-0: Called Strike 1-1: Ball 2-1: 2-RUN HOME RUN (Flyball, 9LD), Distance : 349 ft
|
Batting: RHB José Velázquez
|
0-0: Called Strike 0-1: Ball 1-1: Swinging Strike 1-2: Foul Ball, location: 2F 1-2: Strikes out swinging
|
Batting: RHB Kenny Cole
|
0-0: Ball 1-0: DOUBLE (Line Drive, 9LD)
|
Batting: LHB José Flores
|
0-0: Ball 1-0: Foul Ball, location: 2F 1-1: Ball 2-1: Fly out, F4 (Line Drive, 4)
|
Top of the 1st over - 2 runs, 2 hits, 0 errors, 1 left on base; Utica 2 - Trenton 0 |
BOTTOM OF THE 1ST |
Trenton Stars batting - Pitching for Utica Unicorns : LHP Miguel Galván
|
Pitching: LHP Miguel Galván
|
|
Batting: RHB Aurelio Cruz
|
0-0: Swinging Strike 0-1: Called Strike 0-2: Ball 1-2: Hit by Pitch
|
Batting: RHB Carlos Pérez
|
0-0: Foul Ball, location: 2F 0-1: Ball 1-1: Called Strike 1-2: SINGLE (Groundball, 56D) Aurelio Cruz to second
|
Batting: LHB Wes Thompson
|
0-0: Foul Ball, location: 2F 0-1: Ball 1-1: Swinging Strike 1-2: Strikes out looking
|
Batting: RHB Jesús Solís
|
0-0: Swinging Strike 0-1: Called Strike Aurelio Cruz steals 3rd base Carlos Pérez to second 0-2: Ball 1-2: Ball 2-2: SINGLE (Groundball, 6D) Aurelio Cruz scores Carlos Pérez to third Runner from 3rd tries for Home, SAFE, no throw
|
Batting: LHB Pat Zimmerman
|
0-0: Called Strike 0-1: Called Strike 0-2: 2-RUN HOME RUN (Flyball, 9D), Distance : 359 ft
|
Batting: RHB George Reeves
|
0-0: Ball 1-0: SINGLE (Line Drive, 3)
|
Batting: RHB Bill Bourland
|
0-0: Ball 1-0: Swinging Strike 1-1: Ball 2-1: Fly out, F3 (Popup, 23F)
|
Batting: RHB Dan McKay
|
0-0: Ball 1-0: Ball 2-0: Ball 3-0: Base on Balls George Reeves to second
|
Batting: SHB Ismael Sánchez
|
0-0: Fly out, F6 (Popup, 6M)
|
Bottom of the 1st over - 4 runs, 4 hits, 0 errors, 2 left on base; Utica 2 - Trenton 4 |
TOP OF THE 2ND |
Utica Unicorns batting - Pitching for Trenton Stars : RHP Russ Brown
|
Batting: RHB John Jones
|
0-0: Called Strike 0-1: Ball 1-1: Ball 2-1: Called Strike 2-2: Ball 3-2: Ground out 5-3 (Groundball, 56)
|
Batting: SHB Ralph Robison
|
0-0: Fly out, F5 (Popup, 5SF)
|
Batting: RHB Marcos Castillo
|
0-0: Ball 1-0: Swinging Strike 1-1: Foul Ball, location: 2F 1-2: Ground out 3-1 (Groundball, 2R)
|
Top of the 2nd over - 0 runs, 0 hits, 0 errors, 0 left on base; Utica 2 - Trenton 4 |
BOTTOM OF THE 2ND |
Trenton Stars batting - Pitching for Utica Unicorns : LHP Miguel Galván
|
Batting: RHB Aurelio Cruz
|
0-0: Foul Ball, location: 2F 0-1: Called Strike 0-2: Ball 1-2: Ball 2-2: Strikes out swinging
|
Batting: RHB Carlos Pérez
|
0-0: SINGLE (Line Drive, 56)
|
Batting: LHB Wes Thompson
|
0-0: Ball 1-0: Called Strike 1-1: Foul Ball, location: 2F 1-2: Ball 2-2: Ball 3-2: Foul Ball, location: 2F 3-2: Strikes out swinging
|
Batting: RHB Jesús Solís
|
0-0: Ball Wild Pitch! Carlos Pérez to second 1-0: Foul Ball, location: 2F 1-1: Ball 2-1: SINGLE (Line Drive, 6MD) Carlos Pérez to third Runner from 3rd tries for Home, SAFE, no throw
|
Batting: LHB Pat Zimmerman
|
0-0: Fielders Choice at 2nd, 6-4 (Groundball, 6)
|
Bottom of the 2nd over - 1 run, 2 hits, 0 errors, 1 left on base; Utica 2 - Trenton 5 |
TOP OF THE 3RD |
Utica Unicorns batting - Pitching for Trenton Stars : RHP Russ Brown
|
Batting: LHB Raúl Morales
|
0-0: SINGLE (Line Drive, 7S)
|
Batting: RHB Justin Geoghegan
|
0-0: Ground out 5-3 (Groundball, 56S) Raúl Morales to second
|
Batting: LHB José Román
|
0-0: Ball 1-0: Ball 2-0: Foul Ball, location: 2F 2-1: Foul Ball, location: 2F 2-2: Fly out, F9 (Flyball, 9LS)
|
Batting: RHB José Velázquez
|
0-0: Called Strike 0-1: Foul Ball, location: 2F 0-2: Foul Ball, location: 2F 0-2: Foul Ball, location: 2F 0-2: Strikes out swinging
|
Top of the 3rd over - 0 runs, 1 hit, 0 errors, 1 left on base; Utica 2 - Trenton 5 |
BOTTOM OF THE 3RD |
Trenton Stars batting - Pitching for Utica Unicorns : LHP Miguel Galván
|
Batting: RHB George Reeves
|
0-0: Called Strike 0-1: SINGLE (Groundball, 6MD)
|
Batting: RHB Bill Bourland
|
0-0: Called Strike 0-1: Fly out, F9 (Flyball, 89D)
|
Batting: RHB Dan McKay
|
0-0: Ball 1-0: Called Strike George Reeves steals 2nd base 1-1: Swinging Strike 1-2: Ball 2-2: Strikes out swinging
|
Batting: SHB Ismael Sánchez
|
0-0: Ball 1-0: Foul Ball, location: 2F 1-1: Foul Ball, location: 2F 1-2: Foul Ball, location: 2F 1-2: SINGLE (Groundball, 6M) (infield hit) George Reeves to third
|
Batting: RHB Aurelio Cruz
|
0-0: Ball 1-0: SINGLE (Groundball, 6MD) George Reeves scores Ismael Sánchez to second Runner from 2nd tries for 3rd, SAFE, no throw
|
Pitching: RHP Ken Rogers
|
|
Batting: RHB Carlos Pérez
|
0-0: Ball 1-0: SINGLE (Groundball, 56D) Ismael Sánchez scores Aurelio Cruz to second
|
Batting: LHB Wes Thompson
|
0-0: Called Strike Carlos Pérez is caught stealing 2nd base
|
Bottom of the 3rd over - 2 runs, 4 hits, 0 errors, 1 left on base; Utica 2 - Trenton 7 |
TOP OF THE 4TH |
Utica Unicorns batting - Pitching for Trenton Stars : RHP Russ Brown
|
Batting: RHB Kenny Cole
|
0-0: Ball 1-0: Called Strike 1-1: Called Strike 1-2: Ball 2-2: Foul Ball, location: 2F 2-2: Ball 3-2: Strikes out swinging
|
Batting: LHB José Flores
|
0-0: Ball 1-0: Ball 2-0: SOLO HOME RUN (Flyball, 9D), Distance : 352 ft
|
Batting: RHB John Jones
|
0-0: Foul Ball, location: 2F 0-1: Swinging Strike 0-2: Ball 1-2: Strikes out looking
|
Batting: SHB Ralph Robison
|
0-0: Ball 1-0: Ball 2-0: Called Strike 2-1: Ball 3-1: Base on Balls
|
Batting: RHB Marcos Castillo
|
0-0: Swinging Strike 0-1: Ball 1-1: Fly out, F8 (Line Drive, 78XD)
|
Top of the 4th over - 1 run, 1 hit, 0 errors, 1 left on base; Utica 3 - Trenton 7 |
BOTTOM OF THE 4TH |
Trenton Stars batting - Pitching for Utica Unicorns : RHP Ken Rogers
|
Batting: LHB Wes Thompson
|
0-0: Ground out 4-3 (Groundball, 4)
|
Batting: RHB Jesús Solís
|
0-0: Ball 1-0: Called Strike 1-1: Ball 2-1: Foul Ball, location: 2F 2-2: Fly out, F7 (Flyball, 7)
|
Batting: LHB Pat Zimmerman
|
0-0: Fly out, F4 (Line Drive, 4)
|
Bottom of the 4th over - 0 runs, 0 hits, 0 errors, 0 left on base; Utica 3 - Trenton 7 |
TOP OF THE 5TH |
Utica Unicorns batting - Pitching for Trenton Stars : RHP Russ Brown
|
Now in CF: Alfredo López
|
|
Batting: LHB Raúl Morales
|
0-0: Swinging Strike 0-1: Ball 1-1: Swinging Strike 1-2: Ball 2-2: Foul Ball, location: 2F 2-2: Strikes out looking
|
Batting: RHB Justin Geoghegan
|
0-0: Foul Ball, location: 2F 0-1: Foul Ball, location: 2F 0-2: SINGLE (Line Drive, 4D)
|
Batting: LHB José Román
|
0-0: DOUBLE (Line Drive, 8LXD) Justin Geoghegan to third
|
Batting: RHB José Velázquez
|
0-0: Ball 1-0: SINGLE (Groundball, 6D) Justin Geoghegan scores José Román to third
|
Batting: RHB Kenny Cole
|
0-0: Called Strike 0-1: Foul Ball, location: 2F 0-2: Ball 1-2: Fly out, F8 (Flyball, 89XD) Runner from 3rd tags up, SCORES, no throw
|
Batting: LHB José Flores
|
0-0: Ball 1-0: Called Strike 1-1: Foul Ball, location: 2F 1-2: Strikes out swinging
|
Top of the 5th over - 2 runs, 3 hits, 0 errors, 1 left on base; Utica 5 - Trenton 7 |
BOTTOM OF THE 5TH |
Trenton Stars batting - Pitching for Utica Unicorns : RHP Ken Rogers
|
Batting: RHB George Reeves
|
0-0: Ball 1-0: Called Strike 1-1: Foul Ball, location: 2F 1-2: Ground out 5-3 (Groundball, 56S)
|
Batting: RHB Bill Bourland
|
0-0: Called Strike 0-1: Ball 1-1: Ball 2-1: Ball 3-1: Fly out, F9 (Flyball, 9)
|
Batting: RHB Dan McKay
|
0-0: Called Strike 0-1: Ball 1-1: Swinging Strike 1-2: Strikes out looking
|
Bottom of the 5th over - 0 runs, 0 hits, 0 errors, 0 left on base; Utica 5 - Trenton 7 |
TOP OF THE 6TH |
Utica Unicorns batting - Pitching for Trenton Stars : RHP Russ Brown
|
Batting: RHB John Jones
|
0-0: Ball 1-0: Foul Ball, location: 2F 1-1: Ball 2-1: Ball 3-1: Base on Balls
|
Pitching: LHP Joseph Byrne
|
|
Batting: SHB Ralph Robison
|
0-0: Ball 1-0: DOUBLE (Line Drive, 78D) John Jones to third Runner from 3rd tries for Home, SAFE, no throw
|
Batting: RHB Marcos Castillo
|
0-0: SINGLE (Line Drive, 9S) Ralph Robison to third
|
Batting: LHB Raúl Morales
|
0-0: Ball 1-0: DOUBLE (Line Drive, 7LS) Ralph Robison scores Marcos Castillo to third
|
Batting: RHB Justin Geoghegan
|
0-0: Swinging Strike 0-1: Swinging Strike 0-2: Ground out 6-3 (Groundball, 56D) Marcos Castillo scores
|
Batting: LHB José Román
|
0-0: Called Strike Raúl Morales steals 3rd base 0-1: Called Strike 0-2: Foul Ball, location: 2F 0-2: Foul Ball, location: 2F 0-2: Ball 1-2: Fly out, F9 (Flyball, 9S) Runner from 3rd tags up, SCORES, no throw
|
Batting: RHB José Velázquez
|
0-0: Foul Ball, location: 2F 0-1: Ball 1-1: Ball 2-1: Ball 3-1: Foul Ball, location: 2F 3-2: Base on Balls
|
Pitching: RHP Fernando Silva
|
|
Batting: RHB Kenny Cole
|
Pickoff Throw to First - Out!
|
Top of the 6th over - 4 runs, 3 hits, 0 errors, 0 left on base; Utica 9 - Trenton 7 |
BOTTOM OF THE 6TH |
Trenton Stars batting - Pitching for Utica Unicorns : RHP Ken Rogers
|
Batting: SHB Ismael Sánchez
|
0-0: Ball 1-0: Ball 2-0: Swinging Strike 2-1: Ball 3-1: Called Strike 3-2: Foul Ball, location: 2F 3-2: Ground out U3 (Groundball, 3)
|
Batting: RHB Alfredo López
|
0-0: Ball 1-0: Ball 2-0: Fly out, F9 (Flyball, 89M)
|
Batting: RHB Carlos Pérez
|
0-0: Ball 1-0: Called Strike 1-1: SINGLE (Groundball, 56D)
|
Batting: LHB Wes Thompson
|
0-0: Called Strike 0-1: Ball 1-1: Swinging Strike 1-2: Fly out, F9 (Line Drive, 9D)
|
Bottom of the 6th over - 0 runs, 1 hit, 0 errors, 1 left on base; Utica 9 - Trenton 7 |
TOP OF THE 7TH |
Utica Unicorns batting - Pitching for Trenton Stars : RHP Fernando Silva
|
Batting: RHB Kenny Cole
|
0-0: Fly out, F9 (Flyball, 9S)
|
Batting: LHB José Flores
|
0-0: Ball 1-0: Called Strike 1-1: Ball 2-1: Ball 3-1: Base on Balls
|
Batting: RHB John Jones
|
0-0: Foul Ball, location: 2F 0-1: Fly out, F8 (Flyball, 8RD)
|
Batting: SHB Ralph Robison
|
0-0: Ball 1-0: Swinging Strike 1-1: Foul Ball, location: 2F 1-2: Ball 2-2: Foul Ball, location: 2F 2-2: Foul Ball, location: 2F 2-2: Ball José Flores steals 2nd base 3-2: Fly out, F8 (Flyball, 78S)
|
Top of the 7th over - 0 runs, 0 hits, 0 errors, 1 left on base; Utica 9 - Trenton 7 |
BOTTOM OF THE 7TH |
Trenton Stars batting - Pitching for Utica Unicorns : RHP Ken Rogers
|
Batting: RHB Jesús Solís
|
0-0: Fly out, F8 (Line Drive, 8LXD)
|
Pitching: LHP Pancho Guerrero
|
|
Batting: LHB Pat Zimmerman
|
0-0: Ground out 6-3 (Groundball, 6M)
|
Pitching: RHP Ken Burris
|
|
Batting: RHB George Reeves
|
0-0: Called Strike 0-1: Ground out 6-3 (Groundball, 6)
|
Bottom of the 7th over - 0 runs, 0 hits, 0 errors, 0 left on base; Utica 9 - Trenton 7 |
TOP OF THE 8TH |
Utica Unicorns batting - Pitching for Trenton Stars : RHP Fernando Silva
|
Batting: RHB Marcos Castillo
|
0-0: Ball 1-0: SOLO HOME RUN (Line Drive, 7D), Distance : 394 ft
|
Batting: LHB Raúl Morales
|
0-0: Ball 1-0: Called Strike 1-1: Ball 2-1: Called Strike 2-2: Strikes out looking
|
Batting: RHB Justin Geoghegan
|
0-0: Swinging Strike 0-1: Called Strike 0-2: Strikes out swinging
|
Batting: LHB José Román
|
0-0: Ball 1-0: Ball 2-0: Ball 3-0: Base on Balls
|
Batting: RHB José Velázquez
|
0-0: Called Strike 0-1: Foul Ball, location: 2F 0-2: Fly out, F9 (Flyball, 9LS)
|
Top of the 8th over - 1 run, 1 hit, 0 errors, 1 left on base; Utica 10 - Trenton 7 |
BOTTOM OF THE 8TH |
Trenton Stars batting - Pitching for Utica Unicorns : RHP Ken Burris
|
Batting: RHB Bill Bourland
|
0-0: Ball 1-0: Foul Ball, location: 2F 1-1: Foul Ball, location: 2F 1-2: Strikes out looking
|
Batting: RHB Dan McKay
|
0-0: Fly out, F7 (Flyball, 7D)
|
Batting: SHB Ismael Sánchez
|
0-0: Swinging Strike 0-1: Swinging Strike 0-2: Ball 1-2: Ball 2-2: Strikes out swinging
|
Bottom of the 8th over - 0 runs, 0 hits, 0 errors, 0 left on base; Utica 10 - Trenton 7 |
TOP OF THE 9TH |
Utica Unicorns batting - Pitching for Trenton Stars : RHP Fernando Silva
|
Batting: RHB Kenny Cole
|
0-0: Swinging Strike 0-1: Foul Ball, location: 2F 0-2: Strikes out swinging
|
Batting: LHB José Flores
|
0-0: Called Strike 0-1: Ball 1-1: SOLO HOME RUN (Flyball, 9D), Distance : 349 ft
|
Batting: RHB John Jones
|
0-0: Ball 1-0: Swinging Strike 1-1: Foul Ball, location: 2F 1-2: Strikes out swinging
|
Batting: SHB Ralph Robison
|
0-0: Called Strike 0-1: Ball 1-1: Ball 2-1: DOUBLE (Line Drive, 89D)
|
Batting: RHB Marcos Castillo
|
0-0: Foul Ball, location: 2F 0-1: Foul Ball, location: 2F 0-2: Ball 1-2: Strikes out swinging
|
Top of the 9th over - 1 run, 2 hits, 0 errors, 1 left on base; Utica 11 - Trenton 7 |
BOTTOM OF THE 9TH |
Trenton Stars batting - Pitching for Utica Unicorns : RHP Ken Burris
|
Pitching: RHP Tim Hill
|
|
Batting: RHB Alfredo López
|
0-0: Foul Ball, location: 2F 0-1: Ball 1-1: Ball 2-1: SINGLE (Line Drive, 3D)
|
Batting: RHB Carlos Pérez
|
0-0: Ball 1-0: Foul Ball, location: 2F 1-1: Ball 2-1: Foul Ball, location: 2F 2-2: Ball 3-2: Base on Balls Alfredo López to second
|
Batting: LHB Wes Thompson
|
0-0: Called Strike 0-1: Called Strike 0-2: Ball 1-2: Foul Ball, location: 2F 1-2: Ball 2-2: Foul Ball, location: 2F 2-2: Strikes out swinging
|
Batting: RHB Jesús Solís
|
0-0: Called Strike 0-1: Swinging Strike 0-2: Foul Ball, location: 2F 0-2: SINGLE (Groundball, 56D) Alfredo López to third Carlos Pérez to second
|
Batting: LHB Pat Zimmerman
|
0-0: Ball 1-0: Called Strike 1-1: Ball 2-1: Ball 3-1: Base on Balls Alfredo López scores Carlos Pérez to third Jesús Solís to second
|
Batting: RHB George Reeves
|
0-0: Called Strike 0-1: Foul Ball, location: 2F 0-2: Foul Ball, location: 2F 0-2: Foul Ball, location: 2F 0-2: Ground out 5-3 (Groundball, 56S) Carlos Pérez scores Jesús Solís to third Pat Zimmerman to second
|
Pinch Hitting: LHB Tom Waller
|
0-0: Swinging Strike 0-1: SINGLE (Groundball, 4) (infield hit) Jesús Solís scores Pat Zimmerman to third
|
Pinch Hitting: RHB Derek Ramsey
|
0-0: Ball 1-0: Ball 2-0: Swinging Strike 2-1: Ball 3-1: Called Strike 3-2: Strikes out looking
|
Bottom of the 9th over - 3 runs, 3 hits, 0 errors, 2 left on base; Utica 11 - Trenton 10 |
|